 Dungeon Crawl Stone Soup version 0.31-a0-108-gdf935468f2 (webtiles) character file.

Game seed: 440531575852145408

1473999 ebarrett the Black Sun (level 27, 183/183 HPs)
             Began as a Tengu Monk on May 27, 2023.
             Was a High Priest of Kikubaaqudgha.
             Escaped with the Orb
             ... and 3 runes on May 28, 2023!
             The game lasted 08:39:01 (87786 turns).

ebarrett the Black Sun (Tengu Monk)                Turns: 87786, Time: 08:39:02

Health: 183/183    AC: 27    Str: 12    XL:     27
Magic:  45/45      EV: 27    Int: 22    God:    Kikubaaqudgha [*****.]
Gold:   795        SH: 21    Dex: 27    Spells: 7/60 levels left

rFire   + + +        a - +9 quick blade (freeze)
rCold   + + .        X - +1 kite shield {AC+3}
rNeg    . . .        L - +5 fire dragon scales
rPois   +            (helmet restricted)
rElec   +            g - +2 cloak
rCorr   +            z - +2 pair of gloves
SInv    +            (boots unavailable)
Will    ++...        c - amulet "Kanagrem" {Reflect rElec rPois rCorr Str-3 SH+5} Stlth
                     N - ring of Oczaecagh {*Corrode rC+++ EV+5 Slay+5 SInv}
HPRegen 0.50/turn    G - ring of Pama Ja Fud {Str+3 Dex+6}
MPRegen 0.29/turn

%: corrode self (3%), reflection
@: flying quickly and evasively, studying Maces & Flails, quick
A: beak, talons 3, nimble flight, agile 1, deterioration 2, fire resistance 1
0: Orb of Zot
}: 3/15 runes: decaying, serpentine, silver
a: Renounce Religion, Unearth Wretches, Torment


You escaped.
You worshipped Kikubaaqudgha.
Kikubaaqudgha was extremely pleased with you.
You visited 11 branches of the dungeon, and saw 51 of its levels.
You also visited: Gauntlet and Ice Cave.

You collected 7115 gold pieces.
You spent 6320 gold pieces at shops.

Inventory:

Hand Weapons
 a - a +9 quick blade of freezing (weapon)
Missiles
 j - 7 curare-tipped darts (quivered)
 H - 4 throwing nets
Armour
 g - a +2 cloak (worn)
 z - a +2 pair of gloves (worn)
 L - +5 fire dragon scales (worn)
 X - a +1 kite shield of protection (worn)
 Y - the crystal ball of Wucad Mu {*channel}
   (You took it off a minotaur in a Gauntlet)

   *Channel:  It often returns the magic spent to cast spells, but lowers their
   success rate.
   It always returns the magic spent on miscasts.
Magical Staves
 b - the staff of death "Rotwan" {rN+ Dex+3, !a}
   (You found it on level 3 of the Elven Halls)

   [staff of death]

   Base accuracy: +5 Base damage: 5 Base attack delay: 1.2 This weapon's minimum
   attack delay (0.6) is reached at skill level 12.
   Dex:       It affects your dexterity (+3).
   rN:        It protects you from negative energy.
   It falls into the 'Staves' category.
   It is a one-handed weapon.
Jewellery
 c - the amulet "Kanagrem" (around neck) {Reflect rElec rPois rCorr Str-3 SH+5}
   (You found it on level 1 of the Crypt)

   [amulet of reflection]

   It reflects blocked missile attacks.
   Str:       It affects your strength (-3).
   rElec:     It insulates you from electricity.
   rPois:     It protects you from poison.
   rCorr:     It protects you from acid and corrosion.
   SH:        It affects your SH (+5).
 f - a +6 ring of intelligence
 u - a ring of willpower
 C - the amulet of Fooffeva {RegenMP Int+5}
   (You bought it in a shop on level 4 of the Snake Pit)

   [amulet of magic regeneration]

   It increases your rate of magic regeneration.
   Int:       It affects your intelligence (+5).
 G - the ring of Pama Ja Fud (right hand) {Str+3 Dex+6}
   (You found it on level 3 of the Lair of Beasts)

   [ring of dexterity]

   Str:       It affects your strength (+3).
   Dex:       It affects your dexterity (+6).
 J - a +5 ring of evasion
 N - the ring of Oczaecagh (left hand) {*Corrode rC+++ EV+5 Slay+5 SInv}
   (You bought it in a shop on level 2 of the Orcish Mines)

   [ring of evasion]

   EV:        It affects your evasion (+5).
   Slay:      It affects your accuracy & damage with ranged weapons and melee
   (+5).
   rC:        It renders you almost immune to cold.
   SInv:      It lets you see invisible.
   *Corrode:  It may corrode you when you take damage.
 Q - the ring "Zujes" {rPois Will+ Int+6 Dex-5}
   (You took it off a deep elf sorcerer on level 3 of the Elven Halls)

   [ring of intelligence]

   Int:       It affects your intelligence (+6).
   Dex:       It affects your dexterity (-5).
   rPois:     It protects you from poison.
   Will:      It increases your willpower.
 S - the ring of Buogg {rN+ Int+4}
   (You found it in a Gauntlet)

   [ring of positive energy]

   Int:       It affects your intelligence (+4).
   rN:        It protects you from negative energy.
 U - the ring of the Empire {rC+ rCorr Int+4}
   (You found it in a Gauntlet)

   [ring of resist corrosion]

   Int:       It affects your intelligence (+4).
   rC:        It protects you from cold.
   rCorr:     It protects you from acid and corrosion.
Wands
 e - a wand of digging (11)
 r - a wand of polymorph (32)
 w - a wand of light (9)
 y - a wand of paralysis (34)
 D - a wand of mindburst (33)
 F - a wand of roots (19)
Scrolls
 d - a scroll of torment
 k - 4 scrolls of amnesia
 l - 11 scrolls of teleportation
 m - 4 scrolls of fog
 x - 10 scrolls of vulnerability
 P - 6 scrolls of blinking
 R - 6 scrolls of butterflies
 Z - 3 scrolls of fear
Potions
 h - 12 potions of heal wounds
 i - 6 potions of haste
 n - 15 potions of enlightenment
 o - 8 potions of mutation
 s - 2 potions of cancellation
 v - 7 potions of might
 B - 6 potions of brilliance
 E - 2 potions of invisibility
 I - 5 potions of magic
 K - 14 potions of curing
 O - 3 potions of resistance
Miscellaneous
 q - a lightning rod (4/4)
 t - a phantom mirror
 A - a phial of floods
 T - a box of beasts


   Skills:
 + Level 21.5 Fighting
 - Level 13.7(14.4) Short Blades
 - Level 7.6(11.6) Long Blades
 - Level 10.0 Ranged Weapons
 + Level 11.1 Armour
 - Level 15.3 Dodging
 - Level 13.3 Shields
 + Level 17.2 Spellcasting
 - Level 2.3 Hexes
 - Level 17.2 Summonings
 + Level 25.8 Necromancy
 - Level 4.8 Translocations
 - Level 3.3 Earth Magic
 - Level 3.5 Evocations


You had 7 spell levels left.
You knew the following spells:

 Your Spells              Type           Power      Damage    Failure   Level
b - Blink                 Tloc           80%        N/A       6%          2
c - Borgnjor's Vile Clut  Necr/Erth      35%        N/A       1%          5
d - Dispel Undead         Necr           93%        3d29      0%          4
w - Anguish               Hex/Necr       34%        N/A       1%          4
z - Death Channel         Necr           46%        N/A       1%          6
A - Infestation           Necr           46%        N/A       4%          8
F - Summon Forest         Summ/Tloc      30%        N/A       9%          5
P - Borgnjor's Revivific  Necr           46%        N/A       4%          8
U - Animate Dead          Necr           93%        N/A       0%          4
W - Haunt                 Necr/Summ      42%        N/A       3%          7

Your spell library contained the following spells:

 Spells                   Type           Power      Damage    Failure   Level
 Necrotise                Necr           100%       1d9       0%          1
 Sublimation of Blood     Necr           93%        N/A       0%          2
 Vampiric Draining        Necr           93%        2d12      0%          3
 Kiss of Death            Conj/Necr      100%       2d13      1%          1
 Cigotuvi's Dreadful Rot  Necr/Pois/Air  100%       N/A       1%          2
 Call Canine Familiar     Summ           76%        N/A       1%          3
 Agony                    Necr           93%        N/A       1%          5
 Summon Cactus Giant      Summ           38%        N/A       3%          6
 Animate Armour           Summ/Erth      100%       N/A       4%          4
 Lesser Beckoning         Tloc           80%        N/A       6%          2
 Summon Ice Beast         Ice/Summ       54%        N/A       9%          4
 Summon Lightning Spire   Summ/Air       54%        N/A       9%          4
 Slow                     Hex            100%       N/A       12%         1
 Gell's Gravitas          Tloc           40%        N/A       12%         3
 Teleport Other           Tloc           40%        N/A       12%         3
 Summon Mana Viper        Hex/Summ       58%        N/A       14%         5
 Momentum Strike          Conj/Tloc      58%        3d9       16%         2
 Portal Projectile        Hex/Tloc       68%        N/A       21%         3
 Monstrous Menagerie      Summ           38%        N/A       21%         7
 Summon Hydra             Summ           38%        N/A       21%         7
 Simulacrum               Ice/Necr       33%        N/A       22%         6
 Foxfire                  Conj/Fire      76%        2x1d7     30%         1
 Vhi's Electric Charge    Tloc/Air       58%        N/A       32%         3
 Volatile Blastmotes      Fire/Tloc      58%        2d14      32%         3
 Confusing Touch          Hex            29%        N/A       34%         3
 Tukima's Dance           Hex            29%        N/A       34%         3
 Passage of Golubria      Tloc           40%        N/A       36%         4
 Scorch                   Fire           38%        2d7       41%         2
 Static Discharge         Conj/Air       38%        2-4/arc   41%         2
 Wereblood                Tmut           19%        N/A       41%         2
 Stone Arrow              Conj/Erth      52%        3d10      41%         3
 Inner Flame              Hex/Fire       24%        N/A       50%         3
 Frozen Ramparts          Ice            38%        1d6       65%         3
 Hailstorm                Conj/Ice       19%        3d6       65%         3
 Ignite Poison            Fire/Tmut/Pois 19%        N/A       65%         3
 Mephitic Cloud           Conj/Pois/Air  19%        N/A       65%         3
 Leda's Liquefaction      Hex/Erth       15%        N/A       67%         4
 Cause Fear               Hex            14%        N/A       75%         4
 Petrify                  Tmut/Erth      26%        N/A       83%         4
 Lee's Rapid Deconstruct  Erth           16%        3d10*     91%         5
 Airstrike                Air            9%         2d(2-18)  96%         4
 Flame Wave               Conj/Fire      19%        2d7       96%         4
 Ice Form                 Ice/Tmut       19%        N/A       96%         4
 Sticky Flame             Conj/Fire      19%        2d4       96%         4
 Metabolic Englaciation   Hex/Ice        12%        N/A       99%         5
 Yara's Violent Unravell  Hex/Tmut       12%        3d7       99%         5
 Dispersal                Tloc           20%        N/A       99%         6
 Arcjolt                  Conj/Air       9%         1d19      100%        5
 Blade Hands              Tmut           9%         N/A       100%        5
 Fireball                 Conj/Fire      9%         3d6       100%        5
 Freezing Cloud           Conj/Ice/Air   9%         6-21      100%        5
 Irradiate                Conj/Tmut      9%         3d14      100%        5
 Iskenderun's Battlesphe  Conj           19%        2d7       100%        5
 Conjure Ball Lightning   Conj/Air       9%         3x3d6     100%        6
 Eringya's Noxious Bog    Tmut/Pois      9%         N/A       100%        6
 Leda's Unmaking          Conj/Erth      13%        9d3       100%        6
 Plasma Beam              Fire/Air       9%         2x1d22    100%        6
 Starburst                Conj/Fire      9%         6d5       100%        6
 Statue Form              Tmut/Erth      17%        N/A       100%        6
 Dragon Form              Tmut           9%         N/A       100%        7
 Enfeeble                 Hex            14%        N/A       100%        7
 Orb of Destruction       Conj           9%         9d6       100%        7
 Ozocubu's Refrigeration  Ice            9%         4d9       100%        7
 Death's Door             Necr           46%        N/A       58%         9
 Ignition                 Fire           9%         3d5       100%        8
 Lehudib's Crystal Spear  Conj/Erth      13%        10d4      100%        8
 Maxwell's Capacitive Co  Air            9%         ∞         100%        8
 Necromutation            Tmut/Necr      33%        N/A       100%        8
 Polar Vortex             Ice            9%         N/A       100%        9


Dungeon Overview and Level Annotations

Branches:
Dungeon (15/15)            Temple (1/1) D:5            Lair (5/5) D:10
  Swamp (4/4) Lair:3        Snake (4/4) Lair:2        Slime (0/5) Lair:5
    Orc (2/2) D:11            Elf (3/3) Orc:2        Vaults (5/5) D:13
  Crypt (3/3) Vaults:2       Tomb (0/3) Crypt:3      Depths (4/4) D:15
    Zot (5/5) Depths:4      IceCv (visited)         Gauntlet (visited)

Altars:
Ashenzari
Cheibriados
Dithmenos
Elyvilon
Fedhas
Gozag
Hepliaklqana
Kikubaaqudgha
Makhleb
Nemelex Xobeh
Okawaru
Qazlal
Ru
Sif Muna
Trog
Uskayaw
Vehumet
Wu Jian
Xom
Yredelemnul
Zin
The Shining One

Shops:
D:10 [   D:11 (   D:13 *   Orc:2 !=(*   Elf:3 [   Snake:1 ?   Snake:2 :!!*=
Snake:4 ::=   Vaults:3 (   Vaults:4 :   Vaults:5 (

Portals:
Hell: Depths:1 Depths:2 Depths:3 Depths:4
Abyss: Depths:3 Depths:4
Pandemonium: Depths:2
Ziggurat: Depths:2

Annotations:
D:4 1 runed translucent door, Crazy Yiuf
Lair:5 1 runed translucent door
Swamp:1 2 transporters, exclusion: downstairs, Lusaduv's ghost, adept MiBe
Swamp:3 exclusion: upstairs
Swamp:4 1 runed translucent door, exclusions: hydra and slime creature, Goud's ghost, adept BaIE
Snake:4 6 transporters
Elf:2 3 runed translucent doors
Depths:1 2 transporters, exclusion: downstairs, MrSquiggles's ghost, adept MiFi
Depths:3 exclusion: downstairs


Innate Abilities, Weirdness & Mutations

You have a beak for a mouth.
You have claws for feet.
Your magical nature lets you fly swiftly and evasively.
You are agile. (Dex +4, Str/Int -1)
Your body often deteriorates upon taking damage.
Your flesh is heat resistant. (rF+)


Message History

You puncture the sixfirhy! You freeze the sixfirhy.
You kill the sixfirhy!
Kikubaaqudgha accepts your kill.
You feel your strength returning.
(D) Dungeon (T) Temple (L) Lair (S) Swamp (P) Snake Pit (M) Slime Pits (O) Orcish Mines (E) Elven Halls (V) Vaults (C) Crypt (W) Tomb (U) Depths (H) Hell (Z) Zot
Where to? (Enter - D:1, ? - help) Magic restored.
There is a stone staircase leading up here.
You fly upwards.
There is a stone staircase leading down here.
There is a stone staircase leading up here.
You fly upwards.
Level annotation: 1 runed translucent door, Crazy Yiuf
There is a stone staircase leading down here.
There is a stone staircase leading up here.
You fly upwards.
There is a stone staircase leading down here.
You see here a +0 club.
Items here: ))))) [[.
There is a stone staircase leading up here.
You fly upwards.
There is a stone staircase leading down here.
There is a stone staircase leading up here.
You fly upwards.
There is a stone staircase leading down here.
Aiming: Dig
Press: ? - help, Shift-Dir - straight line, f - you Please select a direction to dig.
This square is covered in magical glow.
The rock shatters into small pieces.
Aiming: Dig
Press: ? - help, Shift-Dir - straight line, f - you Please select a direction to dig.
This square is covered in magical glow.
The rock shatters into small pieces.
There is a staircase leading out of the dungeon, spattered with blood here.
You have escaped!

## ##.# ##.## ##.#.## #######
##.###.##### #.....#
##.####.....# #.....#####
######....##..@#.#
#.........#
##...#.##..##.....#
#.........#
##..#..##>...##>.#.#
#.........#
#..##..###...###.#..#
#.........#
..###...##....#..#.##
#.........# ###
##..###...##....###.........#
#
##...##....#........>)....).#
#....###...#....##..........#
#.....###..##...............#


There were no monsters in sight!

Vanquished Creatures
  A dread lich (Zot:5)
  3 orbs of fire
  Josephina (Depths:3)
  3 caustic shrikes (Depths:4)
  3 golden dragons
  Jory (Vaults:2)
  2 bone dragons
  2 tentacled monstrosities (Vaults:5)
  2 electric golems
  7 Orb Guardians
  2 deep elf blademasters (Elf:3)
  3 quicksilver dragons
  4 titans
  3 liches
  A deep elf master archer (Elf:3)
  A death cob (Zot:1)
  3 ancient champions
  3 sphinxes
  3 draconian monks
  A nagaraja (Snake:4)
  2 storm dragons
  2 shadow dragons
  2 tengu reavers
  A revenant (Crypt:3)
  4 fire giants
  A daeva (D:14)
  A draconian scorcher (Zot:3)
  5 vault wardens
  3 frost giants
  2 iron dragons
  An orc warlord (Vaults:1)
  A caustic shrike zombie (Crypt:2)
  2 war gargoyles (Vaults:5)
  The ghost of roninjake the Severer, a journeyman DsFi of Gozag (D:11)
  3 ghouls
  A deep elf elementalist (Elf:3)
  2 caustic shrike skeletons
  9 very ugly things
  12 ironbound preservers
  A reaper (IceCv)
  3 spriggan defenders (Depths:3)
  4 ironbound thunderhulks
  2 formless jellyfish
  2 vampire knights
  A white draconian (Depths:4)
  A deep elf demonologist (Vaults:5)
  2 black draconians
  3 yellow draconians
  6 stone giants
  7 spark wasps (Depths:2)
  3 eleionomae
  A purple draconian (Zot:3)
  2 bunyips
  3 deep elf annihilators (Elf:3)
  6 dire elephants
  A red draconian (Zot:3)
  The ghost of Mant the Covert, a journeyman OpBr of Gozag (Lair:3)
  2 eidola
  4 deep elf death magi (Elf:3)
  2 entropy weavers
  7 ettins
  12 yaktaur captains
  A merfolk javelineer (Depths:2)
  4 fire dragons
  11 jiangshi
  A deep elf high priest (Elf:3)
  11 vault guards
  A peacekeeper (Vaults:2)
  A hell beast (Depths:3)
  3 spriggan skeletons
  A great orb of eyes (Vaults:2)
  7 ice dragons
  4 spriggan air magi
  12 hydras
  6 centaur warriors
  A death knight (Crypt:2)
  5 ironbound frosthearts
  An ogre mage (D:11)
  6 alligators
  4 anacondas
  2 two-headed ogres (D:7)
  The ghost of frimble the Slicer, a journeyman OpWr of Cheibriados (D:10)
  7 boulder beetles
  6 dancing weapons
  4 death yaks
  A hell hog (Depths:3)
  5 deep troll earth magi
  3 deep troll shamans
  2 spriggan berserkers
  8 vampire magi
  4 tengu warriors
  7 hell knights
  4 naga sharpshooters
  A deep elf knight (Elf:1)
  A soul eater (Depths:3)
  2 salamander mystics
  2 bunyip zombies (Crypt:2)
  22 skeletal warriors
  6 sea snakes
  A quicksilver dragon simulacrum (Depths:3)
  A sixfirhy (D:6)
  47 deep trolls
  3 orc knights
  9 bog bodies
  2 glowing orange brains
  5 flayed ghosts
  A swamp dragon (Swamp:2)
  2 goliath frogs
  A naga ritualist (Snake:4)
  2 lindwurms (Vaults:1)
  7 phantasmal warriors
  Pikel (D:4)
  2 deep elf pyromancers (D:14)
  5 ironbound convokers
  A sphinx zombie (Depths:1)
  7 wizards
  2 golden dragon skeletons
  5 mana vipers
  4 necromancers
  7 orc sorcerers
  An oklob plant (D:10)
  4 deep elf zephyrmancers
  4 salamanders
  5 cyclopes
  17 ugly things
  A shining eye (shapeshifter) (Vaults:5)
  A shadow dragon skeleton (Crypt:1)
  A will-o-the-wisp (Swamp:3)
  5 elephants
  A goliath frog skeleton (Crypt:1)
  A stone giant skeleton (Crypt:1)
  An elephant (shapeshifter) (Elf:3)
  A naga mage (Snake:3)
  2 ice statues (IceCv)
  An orange demon (Lair:3)
  A titan simulacrum (Depths:4)
  A naga skeleton (Crypt:1)
  6 vault sentinels
  15 black mambas
  2 centaur skeletons (Crypt:1)
  2 gargoyles
  An elephant slug zombie (Crypt:2)
  An orb spider zombie (Crypt:2)
  A spriggan zombie (D:15)
  A steelbarb worm zombie (Crypt:1)
  A hellion (Zot:5)
  11 cane toads
  A yaktaur (shapeshifter) (D:15)
  An anaconda simulacrum (IceCv)
  5 komodo dragons
  10 yaktaurs
  A death yak skeleton (Crypt:1)
  An efreet (D:14)
  A human zombie (Vaults:3)
  A human skeleton (Vaults:3)
  3 freezing wraiths
  An orc skeleton (Crypt:1)
  3 ice devils (IceCv)
  2 tengu conjurers
  4 trolls
  5 tyrant leeches
  7 blink frogs
  2 shadow dragon simulacra
  4 polar bears
  A harpy skeleton (Crypt:1)
  A tengu simulacrum (Depths:4)
  5 hornets
  The ghost of voltaire321 the Ducker, an amateur MfVM (D:4)
  A hydra skeleton (Crypt:1)
  Grinder (D:6)
  A blink frog (shapeshifter) (D:14)
  2 iron dragon simulacra (Depths:4)
  A snapping turtle (Gauntlet)
  A dream sheep (Lair:3)
  25 slime creatures
  A stone giant simulacrum (Crypt:2)
  A fire giant simulacrum (Depths:1)
  Sigmund (D:2)
  A culicivora (Vaults:2)
  12 flying skulls
  6 centaur simulacra (D:13)
  An ettin skeleton (Depths:1)
  10 spriggans
  2 shadows
  9 wraiths
  2 elf zombies
  A ynoxinul (D:11)
  22 yaks
  3 water elementals
  7 vampires
  A fire elemental (Elf:1)
  5 humans (D:13)
  2 wyverns
  A steam dragon (D:8)
  17 vampire mosquitoes
  2 death yak simulacra (IceCv)
  A redback simulacrum (D:13)
  3 redbacks
  4 wargs
  24 nagas
  6 small abominations (Gauntlet)
  A glowing shapeshifter zombie (D:15)
  Edmund (D:4)
  A hydra simulacrum (IceCv)
  8 swamp worms
  An acid dragon (D:7)
  10 water moccasins
  14 nameless horrors
  A swamp drake (Snake:3)
  6 black bears
  5 ice beasts
  18 orc warriors
  6 ogres
  A sky beast (D:7)
  6 wolves
  5 boggarts (Vaults:3)
  19 centaurs
  2 lemures (D:4)
  3 kobold brigands
  8 bullfrogs
  A gnoll sergeant (D:9)
  A two-headed ogre simulacrum (IceCv)
  A water moccasin zombie (D:3)
  3 earth elementals
  5 scorpions
  A cane toad simulacrum (IceCv)
  5 wights
  9 killer bees
  An elephant simulacrum (IceCv)
  The ghost of wolfgangpup the Cutter, a weakling DsGl (D:3)
  4 howler monkeys (D:8)
  7 electric eels
  A bullfrog zombie (Lair:2)
  2 gnoll boudas
  2 bullfrog skeletons (D:3)
  6 hounds
  5 jellies
  19 orc priests
  Ijyb (D:3)
  Natasha (thrice) (D:3)
  2 iguanas
  44 orc wizards
  2 hell rats (Lair:3)
  5 spriggan simulacra
  2 polar bear simulacra (IceCv)
  2 troll simulacra (IceCv)
  A howler monkey zombie (Crypt:2)
  9 gnolls
  A howler monkey skeleton (D:3)
  2 naga simulacra (IceCv)
  4 adders
  A shadow imp (D:6)
  15 white imps
  6 ufetubi
  A lava snake skeleton (Crypt:1)
  3 worms
  7 dart slugs
  102 orcs
  4 ball pythons
  4 bats
  10 endoplasms
  3 giant cockroaches
  14 goblins
  5 hobgoblins
  3 quokkas
  2 frilled lizards
  19 kobolds
  8 rats
1264 creatures vanquished.

Vanquished Creatures (collateral kills)
  4 dread liches
  2 ancient liches
  Khufu (Crypt:3)
  An orb of fire (Zot:5)
  Mennas (Vaults:2)
  Vv (Crypt:2)
  Bai Suzhen (Vaults:2)
  2 Killer Klowns (Zot:5)
  A curse toe (Zot:5)
  Saint Roka (Snake:4)
  2 caustic shrikes (Depths:4)
  Xtahua (Vaults:4)
  A profane servitor (Crypt:3)
  8 tentacled monstrosities
  15 Orb Guardians (Zot:5)
  A Hell Sentinel (Depths:4)
  A deep elf blademaster (Elf:3)
  A lich (Vaults:4)
  2 quicksilver dragons
  2 titans (Vaults:5)
  A walking earthen tome (Depths:3)
  Asterion (Vaults:2)
  3 tengu reavers
  4 sphinxes
  4 ancient champions
  3 shadow dragons
  A storm dragon (Zot:5)
  2 revenants
  Roxanne (Elf:3)
  Donald (Snake:3)
  4 nagarajas (Snake:4)
  A draconian monk (Zot:5)
  A draconian knight (Zot:5)
  A frost giant (Vaults:5)
  A draconian scorcher (Depths:4)
  2 iron dragons
  4 fire giants
  4 deep elf elementalists (Elf:3)
  5 deep elf sorcerers
  10 vault wardens
  A spectral caustic shrike (Crypt:3)
  A juggernaut skeleton (Depths:2)
  An angel (D:8)
  2 spriggan defenders
  A broodmother (shapeshifter) (Vaults:5)
  An orc warlord (Vaults:2)
  16 ironbound preservers
  20 very ugly things
  2 ghouls
  3 formless jellyfish
  2 ironbound thunderhulks
  2 war gargoyles
  2 deep elf demonologists
  A green draconian (Zot:5)
  7 stone giants
  An eleionoma (Swamp:4)
  3 vampire knights
  A white draconian (Zot:5)
  An eleionoma (shapeshifter) (Vaults:5)
  A red draconian (Depths:4)
  A black draconian (Zot:5)
  3 yellow draconians (Zot:5)
  4 deep elf annihilators
  A minotaur (Gauntlet)
  8 dire elephants
  A spark wasp (Depths:2)
  2 bunyips
  8 deep elf death magi
  3 green deaths
  A merfolk impaler (Depths:2)
  A crystal guardian (Vaults:2)
  A deep elf high priest (Elf:1)
  2 mummy priests (Crypt:3)
  9 jiangshi
  17 vault guards
  8 yaktaur captains
  3 entropy weavers (Vaults:2)
  4 great orbs of eyes
  An ice dragon (Depths:4)
  9 salamander tyrants
  4 hydras
  2 spriggan air magi (Depths:2)
  5 ironbound frosthearts
  7 death knights
  12 anacondas
  A catoblepas (Lair:5)
  A fenstrider witch skeleton (Crypt:1)
  6 alligators
  2 rakshasas
  12 dancing weapons
  A boulder beetle (D:11)
  A two-headed ogre (shapeshifter) (Vaults:2)
  4 deep troll earth magi
  12 naga warriors
  4 death yaks
  3 tengu warriors
  2 vampire magi
  3 deep troll shamans
  4 spriggan berserkers
  8 naga sharpshooters
  2 shock serpents
  An orc high priest (Orc:2)
  Nergalle (Lair:2)
  A shadow wraith (Crypt:3)
  2 soul eaters
  2 deep elf knights
  21 skeletal warriors
  8 hell knights
  A skyshark (Lair:3)
  Amaemon (Lair:3)
  5 salamander mystics
  2 goliath frogs
  9 iron trolls
  5 sea snakes
  2 glowing orange brains
  46 deep trolls
  4 naga ritualists
  6 bog bodies
  8 ironbound convokers
  5 flayed ghosts
  An orb spider (Snake:2)
  4 wizards
  8 phantasmal warriors
  5 orc knights
  2 mana vipers
  6 swamp dragons (Swamp:4)
  10 lindwurms
  A bunyip skeleton (Crypt:1)
  12 deep elf zephyrmancers
  10 deep elf pyromancers
  7 necromancers
  4 deep elf archers
  A tengu zombie (Vaults:4)
  2 anaconda skeletons (Crypt:1)
  2 shadow dragon skeletons (Crypt:1)
  A mana viper (shapeshifter) (Vaults:5)
  27 ugly things
  3 orc sorcerers
  An iron dragon skeleton (Crypt:1)
  18 salamanders
  A stone giant zombie (Vaults:4)
  8 elephants
  10 vault sentinels
  7 moths of wrath (Zot:5)
  17 black mambas
  A cyclops (D:15)
  12 naga magi
  8 guardian serpents (Snake:4)
  4 cane toads
  An eye of devastation (shapeshifter) (Vaults:5)
  A centaur skeleton (Crypt:1)
  3 orange demons (Swamp:4)
  A death yak zombie (Crypt:2)
  A dire elephant skeleton (Crypt:1)
  A rime drake (Lair:5)
  3 komodo dragons
  A yellow draconian zombie (Crypt:1)
  A komodo dragon (shapeshifter) (D:11)
  A tengu conjurer (D:14)
  29 yaktaurs
  An ice devil (IceCv)
  4 freezing wraiths
  A polar bear (shapeshifter) (Elf:1)
  7 guardian mummies (Crypt:3)
  A spectral harpy (Crypt:3)
  A troll (Orc:2)
  A harpy zombie (Crypt:1)
  4 hornets
  2 polar bears
  An elf skeleton (Vaults:3)
  A bloated husk (Swamp:1)
  3 tyrant leeches
  3 harpy skeletons (Crypt:1)
  6 dream sheep
  An ice dragon zombie (Crypt:1)
  3 blink frogs (Lair:2)
  An air elemental (Elf:2)
  A human simulacrum (Vaults:3)
  16 slime creatures
  46 flying skulls
  6 water elementals
  2 large abominations
  3 shadows
  20 yaks
  5 spriggans
  8 wraiths
  2 ettin skeletons (Crypt:1)
  2 fire elementals
  2 wyverns (Lair:4)
  A basilisk (shapeshifter) (Vaults:2)
  A hog (shapeshifter) (D:14)
  2 humans (D:13)
  A black mamba skeleton (Crypt:1)
  6 redbacks
  A vampire mosquito (Swamp:2)
  A basilisk (Lair:2)
  2 swamp worms (Lair:1)
  3 small abominations (Crypt:3)
  3 wargs
  23 nagas
  A floating eye (Depths:3)
  3 water moccasins
  10 orc warriors
  2 naga skeletons (Crypt:1)
  2 swamp drakes
  A cane toad skeleton (Crypt:1)
  2 glowing shapeshifter skeletons
  A swamp dragon skeleton (Crypt:1)
  An elephant zombie (Crypt:2)
  5 wolves
  A dream sheep skeleton (Crypt:1)
  2 ogres
  3 centaurs
  An earth elemental (Elf:1)
  4 bullfrogs
  6 necrophages
  A wyvern zombie (Crypt:2)
  A glowing shapeshifter simulacrum (Depths:2)
  A yaktaur skeleton (Crypt:1)
  A cane toad simulacrum (IceCv)
  5 killer bees (D:11)
  A yak skeleton (Crypt:2)
  7 nameless horrors
  An orc priest (D:13)
  A gnoll bouda (Lair:5)
  7 orc wizards (Orc:2)
  2 hell rats (Lair:3)
  7 white imps (Orc:2)
  22 orcs
  A kobold (D:11)
  A quokka skeleton (Crypt:2)
  A butterfly (Lair:4)
1024 creatures vanquished.

Vanquished Creatures (others)
  2 golden dragons (Zot:5)
  2 quicksilver dragons (Zot:5)
  2 storm dragons
  2 tengu reavers
  A shadow dragon (Vaults:5)
  4 fenstrider witches
  A fire giant (Vaults:5)
  A vault warden (Vaults:5)
  3 frost giants
  A deep elf sorcerer (Vaults:5)
  An iron dragon (Depths:4)
  A ghost moth (Zot:5)
  A draconian annihilator (Zot:5)
  3 spriggan defenders (Depths:4)
  An ironbound preserver (Vaults:5)
  A deep elf demonologist (Crypt:2)
  2 stone giants (Depths:4)
  An eleionoma (Swamp:4)
  A dire elephant (Vaults:5)
  A white draconian (Zot:5)
  2 red draconians (Zot:5)
  A purple draconian (Zot:5)
  A bunyip (Swamp:4)
  A spark wasp (Depths:4)
  3 very ugly thing zombies
  An ettin (Depths:4)
  A fire dragon (Depths:4)
  3 quicksilver dragon zombies (Zot:5)
  A vault guard (Vaults:5)
  3 hydras
  A fenstrider witch zombie (Swamp:4)
  2 spriggan air magi (Swamp:4)
  An anaconda (Snake:4)
  An alligator snapping turtle (Crypt:2)
  A boulder beetle (D:15)
  3 Orb Guardian zombies (Zot:5)
  2 deep troll earth magi (Depths:4)
  2 death yaks (Lair:5)
  A titan zombie (Vaults:5)
  A hell knight (Depths:3)
  3 storm dragon zombies (Zot:5)
  3 anaconda zombies
  A ghost moth zombie (Zot:5)
  A bunyip zombie (Swamp:1)
  2 golden dragon zombies (Zot:5)
  2 goliath frogs (Swamp:4)
  2 wizards
  A glowing orange brain (Vaults:4)
  A naga ritualist (Snake:4)
  A harpy (Crypt:2)
  A goliath frog zombie (Swamp:4)
  A shadow dragon zombie (Vaults:5)
  An orc knight (Gauntlet)
  An ironbound convoker (Vaults:5)
  A fire giant zombie (Vaults:5)
  4 draconian zombies
  A necromancer (Depths:4)
  A broodmother zombie (Vaults:5)
  A deep elf zephyrmancer (Elf:1)
  3 stone giant zombies (Vaults:5)
  An orc sorcerer (Orc:2)
  2 ugly thing zombies
  3 frost giant zombies (Vaults:5)
  5 moths of wrath (Zot:5)
  2 salamanders
  An eleionoma zombie (Swamp:4)
  3 centaur zombies (Vaults:1)
  2 naga magi (Snake:4)
  5 dire elephant zombies
  2 black mambas
  2 merfolk sirens (Gauntlet)
  2 cane toads
  A black draconian zombie (Zot:5)
  2 spriggan zombies (Swamp:4)
  A death yak zombie (Lair:5)
  4 komodo dragons
  A purple draconian zombie (Zot:5)
  An elf zombie (Vaults:5)
  3 sea snake zombies (Snake:3)
  A red draconian zombie (Zot:5)
  A yaktaur (Vaults:5)
  A mana viper zombie (Vaults:5)
  3 redback zombies (Vaults:5)
  A yellow draconian zombie (Zot:5)
  A polar bear (Lair:3)
  3 hydra zombies
  A troll (Orc:2)
  A bloated husk (Swamp:1)
  A troll (shapeshifter) (Elf:1)
  2 tyrant leeches
  5 moth of wrath zombies (Zot:5)
  2 boulder beetle zombies
  A culicivora zombie (Gauntlet)
  2 ettin zombies
  5 black mamba zombies
  A slime creature (Vaults:5)
  A jumping spider (Gauntlet)
  2 culicivoras (Gauntlet)
  2 slime creature zombies
  A yak (Lair:5)
  2 humans (D:13)
  10 deep troll zombies
  A naga (Lair:2)
  A warg (Orc:2)
  A two-headed ogre zombie (Vaults:2)
  2 tengu zombies
  3 ogre zombies
  4 cane toad zombies
  An entropy weaver zombie (Vaults:5)
  2 orc warriors (Orc:2)
  2 merfolk zombies (Gauntlet)
  A lindwurm zombie (Vaults:1)
  An ogre (Vaults:5)
  A wolf (Lair:3)
  A dream sheep zombie (Lair:5)
  2 blink frog zombies (Lair:1)
  A boggart (Vaults:5)
  2 vampire mosquito zombies (D:14)
  2 komodo dragon zombies
  A kobold brigand (D:11)
  9 salamander zombies
  14 yaktaur zombies
  A bullfrog (Lair:2)
  A wyvern zombie (D:11)
  A cyclops zombie (D:15)
  2 warg zombies
  A polar bear zombie (D:13)
  5 yak zombies (Lair:5)
  A troll zombie (Orc:2)
  4 wolf zombies (Lair:3)
  A bullfrog zombie (Lair:2)
  16 human zombies
  A boggart zombie (Vaults:5)
  A hell rat (Lair:3)
  10 killer bee zombies
  9 naga zombies
  An orc (Vaults:5)
  46 orc zombies
  6 foxfires (Swamp:3)
  16 snaplasher vines
364 creatures vanquished.

Grand Total: 2652 creatures vanquished

Notes
Turn   | Place    | Note
-------+----------+-------------------------------------------
     0 | D:1      | ebarrett the Tengu Monk began the quest for the Orb.
     0 | D:1      | Reached XP level 1. HP: 14/14 MP: 2/2
    95 | D:1      | ah, whatever
    95 | D:1      | or maybe not
   169 | D:1      | Reached XP level 2. HP: 19/19 MP: 3/3
   465 | D:1      | Reached XP level 3. HP: 24/24 MP: 4/4
   707 | D:2      | Noticed Sigmund
   708 | D:2      | hi
   800 | D:3      | Found a burning altar of Makhleb.
   919 | D:3      | Noticed Ijyb
   925 | D:3      | Killed Ijyb
   926 | D:3      | Reached XP level 4. HP: 24/30 MP: 5/5
  1215 | D:3      | Reached skill level 1 in Ranged Weapons
  1225 | D:3      | Found a runed translucent gate.
  1225 | D:3      | Found a runed translucent gate.
  1227 | D:3      | Found a runed translucent gate.
  1268 | D:3      | Noticed Natasha
  1270 | D:3      | Killed Natasha
  1328 | D:3      | Noticed Natasha
  1335 | D:3      | Killed Natasha
  1336 | D:3      | Gained mutation: Your magical nature lets you fly swiftly
                  | and evasively. [Tengu growth]
  1336 | D:3      | Reached XP level 5. HP: 24/34 MP: 6/6
  1356 | D:3      | Noticed Natasha
  1363 | D:3      | Killed Natasha
  1427 | D:3      | Noticed wolfgangpup's ghost (weakling DsGl)
  2210 | D:2      | Found a shadowy altar of Dithmenos.
  2218 | D:2      | Reached XP level 6. HP: 40/40 MP: 7/7
  2271 | D:2      | Killed Sigmund
  2272 | D:2      | Reached skill level 5 in Ranged Weapons
  2625 | D:4      | Noticed Edmund
  2712 | D:4      | Reached skill level 5 in Fighting
  2712 | D:4      | Reached XP level 7. HP: 44/44 MP: 8/8
  2752 | D:4      | Found a runed translucent gate.
  2752 | D:4      | Found a runed translucent gate.
  2752 | D:4      | Found a runed translucent gate.
  2752 | D:4      | Noticed voltaire321's ghost (amateur MfVM)
  2913 | D:4      | Killed Edmund
  3041 | D:4      | Noticed Pikel
  3410 | D:4      | Found a runed translucent door.
  3411 | D:4      | Noticed Crazy Yiuf
  3452 | D:4      | Killed Pikel
  3453 | D:4      | Reached skill level 5 in Dodging
  3453 | D:4      | Reached XP level 8. HP: 51/51 MP: 9/9
  3524 | D:5      | Entered Level 5 of the Dungeon
  4070 | D:5      | Reached XP level 9. HP: 57/57 MP: 10/10
  4358 | D:5      | Found a staircase to the Ecumenical Temple.
  4370 | Temple   | Entered the Ecumenical Temple
  4595 | D:6      | Noticed Grinder
  4598 | D:6      | Paralysed by Grinder for 3 turns
  4601 | D:6      | Killed Grinder
  5055 | D:6      | Found a runed translucent door.
  5541 | D:7      | Found Zin's Purification Station.
  5544 | D:7      | Found a glowing silver altar of Zin.
  5549 | D:7      | Bought a potion of curing for 90 gold pieces
  6266 | D:7      | Found a stormy altar of Qazlal.
  6312 | D:7      | Reached XP level 10. HP: 66/66 MP: 11/11
  6539 | D:7      | Noticed a two-headed ogre
  6660 | D:7      | Killed a two-headed ogre
  6854 | D:7      | Noticed a two-headed ogre
  6957 | D:7      | Killed a two-headed ogre
  7041 | D:7      | Reached skill level 10 in Fighting
  7041 | D:7      | Reached skill level 10 in Dodging
  7621 | D:8      | Identified the +4 flail "Teimat" {holy, rPois}
  7811 | D:8      | Reached XP level 11. HP: 69/73 MP: 12/12
  7862 | D:8      | Reached skill level 10 in Ranged Weapons
  7953 | D:8      | Found a radiant altar of Vehumet.
  7958 | D:8      | Found an ancient bone altar of Kikubaaqudgha.
  7959 | D:8      | Found a shimmering blue altar of Sif Muna.
  7965 | D:8      | Got Kikubaaqudgha's Parchment of Mortification
  7967 | D:8      | finally
  7967 | D:8      | Became a worshipper of Kikubaaqudgha
  7967 | D:8      | Reached * piety under Kikubaaqudgha
  7967 | D:8      | Received a gift from Kikubaaqudgha
  7967 | D:8      | Reached ** piety under Kikubaaqudgha
  7987 | D:8      | Learned a level 2 spell: Blink
  7992 | D:8      | Learned a level 4 spell: Animate Dead
  8198 | D:9      | Reached skill level 1 in Necromancy
  8281 | D:9      | Reached skill level 1 in Spellcasting
  8283 | D:9      | Reached skill level 2 in Necromancy
  8328 | D:9      | Found an iron altar of Okawaru.
  8523 | D:9      | Reached skill level 3 in Necromancy
  9003 | D:10     | Entered Level 10 of the Dungeon
  9016 | D:10     | Found a bloodstained altar of Trog.
  9029 | D:10     | Found an ornate altar of the Wu Jian Council.
  9085 | D:10     | Learned a level 3 spell: Vampiric Draining
  9097 | D:10     | Found a runed translucent gate.
  9097 | D:10     | Found a runed translucent gate.
  9098 | D:10     | Found a runed translucent gate.
  9099 | D:10     | Noticed frimble's ghost (journeyman OpWr)
  9161 | D:10     | Found a glowing golden altar of the Shining One.
  9192 | D:10     | Found Pijyh's Armour Emporium.
  9504 | D:10     | Reached skill level 4 in Necromancy
  9619 | D:10     | Reached *** piety under Kikubaaqudgha
  9619 | D:10     | Received a gift from Kikubaaqudgha
  9668 | D:10     | Reached skill level 5 in Necromancy
  9681 | D:10     | Noticed an oklob plant
  9687 | D:10     | Found a staircase to the Lair.
  9776 | D:10     | Found a white marble altar of Elyvilon.
  9786 | D:10     | Found a sparkling altar of Nemelex Xobeh.
  9860 | D:10     | Noticed a flayed ghost
  9861 | D:10     | why
  9887 | D:10     | Learned a level 4 spell: Dispel Undead
 10254 | D:10     | Killed a flayed ghost
 10255 | D:10     | Reached skill level 6 in Necromancy
 10306 | D:10     | Found the +9 sword of Power {lifebolt}
 10626 | D:3      | Killed wolfgangpup's ghost
 10752 | D:4      | Killed voltaire321's ghost
 11027 | D:6      | Reached **** piety under Kikubaaqudgha
 11319 | D:10     | Killed an oklob plant
 11320 | D:10     | Reached skill level 7 in Necromancy
 11414 | Lair:1   | Entered Level 1 of the Lair of Beasts
 11433 | Lair:1   | Found a gate leading to a gauntlet.
 11446 | Gauntlet | Entered a Gauntlet
 11446 | Gauntlet | Found a transporter.
 11446 | Gauntlet | Found a transporter.
 11450 | Gauntlet | Found a transporter.
 11450 | Gauntlet | Found a transporter.
 11456 | Gauntlet | Noticed a moth of wrath
 11460 | Gauntlet | Found a transporter.
 11479 | Gauntlet | Found a transporter.
 11479 | Gauntlet | Noticed a catoblepas
 11481 | Gauntlet | Noticed an orange crystal statue
 11483 | Gauntlet | Found a transporter.
 11485 | Gauntlet | Found a large runed translucent door.
 11485 | Gauntlet | Noticed a sixfirhy
 11496 | Gauntlet | Found a transporter.
 11543 | Gauntlet | Found a transporter.
 11559 | Gauntlet | Found a transporter.
 11571 | Gauntlet | Found a transporter.
 11574 | Gauntlet | Noticed a sixfirhy
 11574 | Gauntlet | Noticed a sixfirhy
 11581 | Gauntlet | Noticed a sixfirhy
 11592 | Gauntlet | Found a transporter.
 11686 | Gauntlet | Found a large runed translucent door.
 11688 | Gauntlet | Found a runed translucent gate.
 11689 | Gauntlet | Found a transporter.
 11704 | Gauntlet | Found a runed translucent gate.
 11704 | Gauntlet | Found a runed translucent gate.
 11706 | Gauntlet | Found a large runed translucent door.
 11707 | Gauntlet | Found a large runed translucent door.
 11710 | Gauntlet | Found a large runed translucent door.
 11710 | Gauntlet | Found a large runed translucent door.
 11711 | Gauntlet | Found a large runed translucent door.
 11711 | Gauntlet | Found a large runed translucent door.
 11746 | Gauntlet | Found a large runed translucent door.
 11746 | Gauntlet | Found a large runed translucent door.
 11746 | Gauntlet | Found a runed translucent door.
 11746 | Gauntlet | Found a runed translucent door.
 11747 | Gauntlet | Found a large runed translucent door.
 11748 | Gauntlet | Found a large runed translucent door.
 11750 | Gauntlet | Found a transporter.
 11797 | Gauntlet | Found a transporter.
 11811 | Gauntlet | Found a transporter.
 11827 | Gauntlet | Found a large runed translucent door.
 11828 | Gauntlet | Found a large runed translucent door.
 11830 | Gauntlet | Found a large runed translucent door.
 11831 | Gauntlet | Found a large runed translucent door.
 12062 | Gauntlet | Identified the ring of Buogg {rN+ Int+4}
 12110 | Gauntlet | Identified the ring of the Empire {rC+ rCorr Int+4}
 12116 | Gauntlet | Noticed a necromancer
 12209 | Gauntlet | Noticed a minotaur
 12231 | Gauntlet | Killed a minotaur
 12232 | Gauntlet | Reached skill level 8 in Necromancy
 12333 | Lair:1   | Learned a level 4 spell: Anguish
 12384 | Lair:1   | Reached XP level 12. HP: 50/78 MP: 19/19
 12590 | Lair:1   | Reached skill level 5 in Spellcasting
 12590 | Lair:1   | Reached skill level 9 in Necromancy
 13362 | D:10     | Bought the +5 robe of Night {Dark Will+ SInv} for 840 gold
                  | pieces
 13362 | D:10     | Found the +5 robe of Night {Dark Will+ SInv}
 13470 | D:7      | Learned a level 6 spell: Death Channel
 13616 | Lair:2   | Noticed Sonja
 13616 | Lair:2   | Sonja changed into Sonja the swamp drake
 13616 | Lair:2   | Noticed Sonja
 13618 | Lair:2   | Sonja the swamp drake changed into Sonja the killer bee
 13618 | Lair:2   | Noticed Sonja
 13622 | Lair:2   | Noticed Nergalle
 13634 | Lair:2   | Noticed a four-headed hydra
 13646 | Lair:2   | Killed a four-headed hydra
 13647 | Lair:2   | Reached skill level 10 in Necromancy
 13648 | Lair:2   | Killed Sonja the killer bee
 13648 | Lair:2   | Killed Nergalle
 13816 | Lair:2   | Your ally Sonja died
 13936 | Lair:2   | Found a staircase to the Snake Pit.
 14049 | Lair:2   | Reached skill level 11 in Necromancy
 14355 | Lair:2   | Reached XP level 13. HP: 84/84 MP: 24/24
 14936 | Lair:3   | Reached skill level 12 in Necromancy
 15303 | Lair:3   | Noticed Amaemon
 15425 | Lair:3   | Found a transporter.
 15678 | Lair:3   | Found a staircase to the Swamp.
 15701 | Lair:3   | Found a transporter.
 15701 | Lair:3   | Noticed Mant's ghost (journeyman OpBr)
 15763 | Lair:3   | Reached skill level 13 in Necromancy
 16403 | Lair:3   | Killed Amaemon
 16637 | Lair:4   | Reached skill level 14 in Necromancy
 16641 | Lair:4   | Reached ***** piety under Kikubaaqudgha
 16822 | Lair:4   | Learned a level 5 spell: Borgnjor's Vile Clutch
 16826 | Lair:4   | Identified the +1 robe "Jonutzuegoa" {+Blink rElec Stlth-}
 16918 | Lair:4   | Reached skill level 1 in Earth Magic
 17152 | Lair:4   | Reached XP level 14. HP: 90/90 MP: 27/27
 17600 | Lair:5   | Entered Level 5 of the Lair of Beasts
 18088 | Lair:5   | Found a runed translucent door.
 19226 | Lair:5   | Found a staircase to the Slime Pits.
 19226 | Lair:5   | Noticed an acid blob
 19373 | D:10     | Killed frimble's ghost
 19457 | D:11     | Reached skill level 1 in Evocations
 19507 | D:11     | Found a runed translucent door.
 19508 | D:11     | Noticed roninjake's ghost (journeyman DsFi)
 19605 | D:11     | Found a staircase to the Orcish Mines.
 19799 | D:11     | Found Cumixant's Weapon Emporium.
 19880 | D:11     | Reached skill level 1 in Hexes
 20344 | Orc:1    | Entered Level 1 of the Orcish Mines
 20484 | Orc:2    | Entered Level 2 of the Orcish Mines
 20672 | Orc:2    | Found a frozen archway.
 20687 | IceCv    | Entered an ice cave
 21209 | IceCv    | Noticed a reaper
 21508 | IceCv    | Reached ****** piety under Kikubaaqudgha
 21537 | IceCv    | Killed a reaper
 21855 | Orc:1    | Received a gift from Kikubaaqudgha
 22093 | Orc:1    | Reached skill level 1 in Summonings
 22441 | Orc:2    | Found Diwkong's Distillery.
 22453 | Orc:2    | Bought a potion of heal wounds for 70 gold pieces
 22458 | Orc:2    | Found Etrehoph's Jewellery Shop.
 22610 | Orc:2    | Reached skill level 15 in Necromancy
 22615 | Orc:2    | Reached XP level 15. HP: 97/97 MP: 23/28
 23090 | Orc:2    | Found a staircase to the Elven Halls.
 23509 | Orc:2    | Found Abiasess's Assorted Antiques.
 23513 | Orc:2    | Bought a scroll of identify for 52 gold pieces
 23516 | Orc:2    | Found Pirash's Weapon Emporium.
 23726 | Orc:1    | You are sucked into a shaft and drop 1 floor!
 23910 | Orc:2    | Bought 2 potions of heal wounds for 140 gold pieces
 23910 | Orc:2    | Bought a potion of curing for 42 gold pieces
 24019 | D:11     | Reached skill level 5 in Summonings
 24154 | D:11     | Identified the +9 morningstar of Causality {venom, rPois
                  | Str+3}
 24387 | D:11     | Killed roninjake's ghost
 25933 | D:13     | Found Qoda's Assorted Antiques.
 27494 | D:13     | Found a gate to the Vaults.
 28133 | D:14     | Reached skill level 16 in Necromancy
 29300 | D:14     | Found a burning altar of Makhleb.
 29304 | D:14     | Reached skill level 10 in Summonings
 30068 | D:15     | Entered Level 15 of the Dungeon
 30866 | D:15     | Reached XP level 16. HP: 103/103 MP: 7/30
 31266 | D:15     | Found a staircase to the Depths.
 32458 | D:15     | Reached skill level 10 in Spellcasting
 32653 | D:15     | Learned a level 7 spell: Haunt
 33030 | Lair:3   | Killed Mant's ghost
 33128 | Lair:3   | Identified the ring of Pama Ja Fud {Str+3 Dex+6}
 33474 | Orc:2    | Bought the ring of Oczaecagh {*Corrode rC+++ EV+5 Slay+5
                  | SInv} for 1464 gold pieces
 33845 | Swamp:1  | Entered Level 1 of the Swamp
 34067 | Swamp:1  | Reached skill level 1 in Short Blades
 34111 | Swamp:1  | Found a transporter.
 34122 | Swamp:1  | Noticed a tentacled monstrosity
 34122 | Swamp:1  | Noticed a tentacled monstrosity
 34125 | Swamp:1  | Noticed Lusaduv's ghost (adept MiBe)
 34145 | Swamp:1  | Found a transporter.
 34683 | Swamp:1  | Reached skill level 17 in Necromancy
 35531 | Swamp:2  | Reached skill level 5 in Short Blades
 37442 | Swamp:4  | Entered Level 4 of the Swamp
 37525 | Swamp:4  | Found a runed translucent door.
 37525 | Swamp:4  | Found a shimmering altar of Xom.
 37525 | Swamp:4  | Noticed Goud's ghost (adept BaIE)
 37668 | Swamp:4  | Reached XP level 17. HP: 106/108 MP: 32/32
 38239 | D:13     | Bought a pitted ring mail for 243 gold pieces
 38239 | D:13     | Identified the +2 ring mail of Circular Logic {Drain rPois
                  | Str+5 SInv} (You bought it in a shop on level 13 of the
                  | Dungeon)
 38878 | Swamp:4  | Reached skill level 18 in Necromancy
 39164 | Swamp:4  | Noticed a tentacled monstrosity
 39176 | Swamp:4  | Killed a tentacled monstrosity
 39247 | Swamp:4  | Got a decaying rune of Zot
 39891 | Snake:1  | Entered Level 1 of the Snake Pit
 39896 | Snake:1  | Reached skill level 1 in Armour
 40763 | Snake:1  | Reached skill level 5 in Armour
 41121 | Snake:1  | Found Humusm's Magic Scroll Shoppe.
 41337 | Snake:2  | Found Xiackugh's Distillery.
 41381 | Snake:2  | Found Mugyoh's General Store.
 41657 | Snake:2  | Found Yveyrois's Distillery.
 41778 | Snake:2  | Found Jothoihi's Book Emporium.
 42491 | Snake:2  | Reached skill level 15 in Summonings
 42962 | Snake:2  | Found Irau's Book Emporium.
 42990 | Snake:2  | Found Yckaklor's Jewellery Shop.
 43254 | Snake:3  | Reached skill level 1 in Translocations
 43254 | Snake:3  | Reached XP level 18. HP: 113/113 MP: 31/33
 43884 | Snake:3  | Noticed Donald
 43952 | Snake:2  | Learned a level 5 spell: Summon Forest
 44239 | Snake:3  | Killed Donald
 45070 | Vaults:1 | Entered Level 1 of the Vaults
 46814 | Vaults:1 | Reached skill level 10 in Short Blades
 46822 | Vaults:1 | Reached XP level 19. HP: 95/120 MP: 31/34
 47019 | Vaults:1 | Reached skill level 19 in Necromancy
 48359 | Vaults:2 | Noticed Mennas
 48367 | Vaults:2 | Killed Mennas
 48435 | Vaults:2 | Noticed a bone dragon
 48445 | Vaults:2 | Killed a bone dragon
 48702 | Vaults:2 | Noticed Jory
 48705 | Vaults:2 | Killed Jory
 48841 | Vaults:2 | Noticed Asterion
 48845 | Vaults:2 | Killed Asterion
 49901 | Vaults:2 | Noticed Bai Suzhen
 49928 | Vaults:2 | Killed Bai Suzhen
 50128 | Vaults:2 | Reached XP level 20. HP: 112/128 MP: 18/35
 50318 | Vaults:2 | Reached skill level 20 in Necromancy
 50781 | Vaults:2 | Found a staircase to the Crypt.
 51075 | Vaults:3 | Reached skill level 15 in Fighting
 52639 | Vaults:3 | Found Taetu's Weapon Boutique.
 52850 | Vaults:3 | Identified the +0 ring mail of Xom's Favour {rN+ Str-4
                  | Stlth+}
 53034 | Vaults:3 | Learned a level 8 spell: Infestation
 53910 | Vaults:4 | Paralysed by a formless jellyfish for 1 turns
 54024 | Vaults:4 | Found the +3 salamander hide armour {Flames, rFlCloud rF++
                  | rC--}
 54032 | Vaults:4 | Noticed Xtahua
 54037 | Vaults:4 | Reached skill level 21 in Necromancy
 54208 | Vaults:4 | Killed Xtahua
 55035 | Vaults:4 | Found Rotump's Book Shop.
 55531 | Vaults:4 | Reached XP level 21. HP: 134/136 MP: 10/37
 56717 | Snake:4  | Entered Level 4 of the Snake Pit
 56846 | Snake:4  | Found a transporter.
 56972 | Snake:4  | Found a transporter.
 56994 | Snake:4  | Noticed Saint Roka
 57006 | Snake:4  | Killed Saint Roka
 57141 | Snake:4  | Found a transporter.
 57141 | Snake:4  | Found a transporter.
 57206 | Snake:4  | Found Jageqaer's Jewellery Shoppe.
 57206 | Snake:4  | Found Fewnynt's Book Boutique.
 57207 | Snake:4  | Found Vaewnaro's Book Boutique.
 57218 | Snake:4  | Bought the amulet of Fooffeva {RegenMP Int+5} for 1045 gold
                  | pieces
 57315 | Snake:4  | Found a transporter.
 57316 | Snake:4  | Found a transporter.
 57935 | Snake:4  | Got a serpentine rune of Zot
 58780 | Elf:1    | Entered Level 1 of the Elven Halls
 60341 | Elf:2    | Found a runed translucent gate.
 60342 | Elf:2    | Found a runed translucent gate.
 60342 | Elf:2    | Found a runed translucent gate.
 60561 | Elf:2    | Paralysed by an air elemental for 1 turns
 61223 | Vaults:2 | Learned a level 5 spell: Summon Mana Viper
 61225 | Crypt:1  | Entered Level 1 of the Crypt
 61231 | Crypt:1  | Reached XP level 22. HP: 113/140 MP: 24/39
 61538 | Crypt:1  | Reached skill level 22 in Necromancy
 62035 | Crypt:1  | Identified the amulet "Kanagrem" {Reflect rElec rPois rCorr
                  | Str-3 SH+5}
 63409 | Crypt:2  | Noticed Vv
 63441 | Crypt:2  | Killed Vv
 63442 | Crypt:2  | Reached skill level 1 in Shields
 63951 | Crypt:3  | Entered Level 3 of the Crypt
 64119 | Crypt:3  | Reached skill level 5 in Shields
 64359 | Crypt:3  | Found a basalt altar of Yredelemnul.
 64371 | Crypt:3  | Reached XP level 23. HP: 144/153 MP: 7/40
 64442 | Crypt:3  | Noticed Khufu
 64447 | Crypt:3  | Killed Khufu
 64448 | Crypt:3  | Found a staircase to the Tomb.
 64471 | Crypt:3  | Got Vujemi's Textbook on Corpses
 64630 | Crypt:3  | Identified the ring "Plog" {Fly Int+3}
 64775 | Crypt:3  | Identified the +6 arbalest of Resourcefulness {flame,
                  | Int+2}
 65068 | Crypt:3  | Identified the +10 short sword of the Hundredfold Mice
                  | {drain, rElec rCorr Str+2}
 65755 | Elf:3    | Entered Level 3 of the Elven Halls
 65760 | Elf:3    | Identified the +1 leather armour of Pessimism {rPois
                  | Slay+2}
 66359 | Elf:3    | Found Nozunosk's Armour Emporium.
 66738 | Elf:3    | Noticed Roxanne
 67286 | Elf:3    | Identified the +9 battleaxe of Obsession {flame, rC+ Dex+3}
 67670 | Elf:3    | Identified the ring "Zujes" {rPois Will+ Int+6 Dex-5}
 67984 | Elf:3    | Identified the amulet of the Hippo {RegenMP Rampage Int+2}
 68211 | Elf:3    | Killed Roxanne
 68344 | Elf:3    | Reached skill level 23 in Necromancy
 69085 | Elf:3    | Identified the +1 leather armour of Sytsuq {rPois MP-9
                  | Str+5}
 69109 | Elf:3    | Found the +3 Elemental Staff {rElec rF+ rC+ AC+3}
 69109 | Elf:3    | Found the +6 arbalest "Damnation" {damnation}
 69116 | Elf:3    | Got the Compilation of Shifting and Fog
 69148 | Elf:3    | Identified the staff of death "Rotwan" {rN+ Dex+3}
 69156 | Elf:3    | Identified the +0 ring mail "Pommif" {Stlth+}
 69159 | Elf:3    | Got the Disquisition on Relocated Calefaction
 70362 | Depths:1 | Entered Level 1 of the Depths
 70362 | Depths:1 | Found a transporter.
 70366 | Depths:1 | Noticed a juggernaut
 70445 | Depths:1 | Reached skill level 5 in Long Blades
 70736 | Depths:1 | Found a transporter.
 70736 | Depths:1 | Noticed MrSquiggles's ghost (adept MiFi)
 71867 | Depths:1 | Found a gateway to Hell.
 72035 | Depths:1 | Reached XP level 24. HP: 136/161 MP: 29/41
 72846 | Vaults:3 | Learned a level 5 spell: Agony
 73081 | Depths:2 | Reached skill level 10 in Shields
 73678 | Depths:2 | Found the +8 arc blade {discharge, rElec}
 73718 | Depths:2 | Found a one-way gate leading to the halls of Pandemonium.
 74442 | Depths:2 | Found a one-way gateway to a ziggurat.
 74616 | Depths:2 | Found a broken altar of Ashenzari.
 74892 | Depths:3 | Reached skill level 15 in Dodging
 76531 | Depths:3 | Found a one-way gate to the infinite horrors of the Abyss.
 78220 | Depths:4 | Entered Level 4 of the Depths
 78220 | Depths:4 | Noticed a caustic shrike
 78221 | Depths:4 | Noticed a caustic shrike
 78273 | Depths:4 | Identified the ring "Umapp" {Ice Contam rN+++ rCorr Int+2}
 78273 | Depths:4 | Noticed Josephina
 78282 | Depths:3 | Killed Josephina
 79284 | Depths:4 | Noticed a caustic shrike
 79284 | Depths:4 | Noticed a caustic shrike
 79375 | Depths:4 | Learned a level 4 spell: Animate Armour
 79384 | Depths:4 | Learned a level 4 spell: Animate Dead
 79412 | Depths:4 | Reached XP level 25. HP: 168/168 MP: 6/42
 79624 | Depths:4 | Found a gate to the Realm of Zot.
 81355 | Depths:3 | Learned a level 8 spell: Borgnjor's Revivification
 81358 | Depths:3 | Learned a level 2 spell: Blink
 81634 | Snake:2  | Bought 2 potions of curing for 90 gold pieces
 81634 | Snake:2  | Bought a potion of magic for 120 gold pieces
 81634 | Snake:2  | Bought a potion of enlightenment for 75 gold pieces
 81634 | Snake:2  | Bought a potion of magic for 120 gold pieces
 81634 | Snake:2  | Bought a potion of magic for 120 gold pieces
 81634 | Snake:2  | Bought a potion of enlightenment for 75 gold pieces
 81634 | Snake:2  | Bought a potion of enlightenment for 75 gold pieces
 81634 | Snake:2  | Bought a potion of might for 60 gold pieces
 81649 | Snake:2  | Bought a potion of haste for 180 gold pieces
 81649 | Snake:2  | Bought a potion of invisibility for 144 gold pieces
 81669 | Snake:2  | Bought a potion of haste for 190 gold pieces
 81669 | Snake:2  | Bought a potion of might for 76 gold pieces
 81669 | Snake:2  | Bought a potion of heal wounds for 95 gold pieces
 81669 | Snake:2  | Bought a potion of invisibility for 152 gold pieces
 81669 | Snake:2  | Bought a potion of haste for 190 gold pieces
 82005 | Vaults:5 | Entered Level 5 of the Vaults
 82053 | Vaults:5 | Reached skill level 15 in Spellcasting
 82058 | Vaults:5 | Reached skill level 24 in Necromancy
 82519 | Vaults:5 | Noticed a dread lich
 82528 | Vaults:5 | Found Tiafoymm's Antique Weapon Emporium.
 82528 | Vaults:5 | Killed a dread lich
 82667 | Vaults:5 | Identified the +1 hand axe "Bokusec" {speed, rF+ Int+3
                  | Dex-5}
 82734 | Vaults:5 | Identified the +9 hand axe "Eria" {flame, rF+ rCorr Dex+3}
 82774 | Vaults:5 | Identified the +5 quarterstaff of Taczuir {drain, rElec
                  | rCorr Str+3 Int-5}
 83080 | Vaults:5 | Noticed a dread lich
 83140 | Vaults:5 | Killed a dread lich
 83356 | Vaults:5 | Reached XP level 26. HP: 157/176 MP: 28/44
 83357 | Vaults:5 | Noticed a dread lich
 83363 | Vaults:5 | Killed a dread lich
 83364 | Vaults:5 | Noticed an ancient lich
 83378 | Vaults:5 | Killed an ancient lich
 83384 | Vaults:5 | Identified the +2 ring mail of the Wild Haggis {rC+ rN+
                  | Str+2}
 83549 | Vaults:5 | Identified the amulet "Qanunt" {Faith rElec Str-5 Int+5}
 83559 | Vaults:5 | Reached skill level 25 in Necromancy
 83565 | Vaults:5 | Got a silver rune of Zot
 84178 | Vaults:5 | Identified the amulet "Inacotho" {RegenMP Fly}
 84308 | Vaults:5 | Identified the staff of conjuration "Ofeteb" {rF++ rC++
                  | Str-4}
 84430 | Vaults:5 | Identified the +4 falchion "Uggoch" {heavy, Stlth+}
 85083 | Orc:2    | Bought a potion of mutation for 112 gold pieces
 85083 | Orc:2    | Bought a potion of enlightenment for 70 gold pieces
 85083 | Orc:2    | Bought a potion of enlightenment for 70 gold pieces
 85083 | Orc:2    | Bought a potion of brilliance for 56 gold pieces
 85083 | Orc:2    | Bought a potion of might for 56 gold pieces
 85123 | Orc:2    | Bought a potion of mutation for 208 gold pieces
 85124 | Orc:2    | Gained mutation: Your flesh is heat resistant. (rF+)
                  | [potion of mutation]
 85124 | Orc:2    | Gained mutation: You are agile. (Dex +4, Str/Int -1)
                  | [potion of mutation]
 85422 | Zot:1    | Entered Level 1 of the Realm of Zot
 85699 | Zot:3    | Noticed an orb of fire
 85725 | Zot:3    | Killed an orb of fire
 85888 | Zot:5    | Entered Level 5 of the Realm of Zot
 85889 | Zot:5    | hm
 86627 | Zot:5    | Noticed a dread lich
 86634 | Zot:5    | Killed a dread lich
 86809 | Zot:5    | Noticed a Killer Klown
 86815 | Zot:5    | Noticed an orb of fire
 86830 | Zot:5    | Killed an orb of fire
 86845 | Zot:5    | Reached skill level 10 in Armour
 86853 | Zot:5    | Killed a Killer Klown
 86944 | Zot:5    | Noticed an orb of fire
 86960 | Zot:5    | Gained mutation: Your body sometimes deteriorates upon
                  | taking damage. [an orb of fire]
 86962 | Zot:5    | Killed an orb of fire
 86979 | Zot:5    | Noticed an orb of fire
 86982 | Zot:5    | Gained mutation: Your body often deteriorates upon taking
                  | damage. [an orb of fire]
 86995 | Zot:5    | Killed an orb of fire
 87105 | Zot:5    | Noticed an ancient lich
 87110 | Zot:5    | Killed an ancient lich
 87189 | Zot:5    | Noticed a Killer Klown
 87215 | Zot:5    | Killed a Killer Klown
 87238 | Zot:5    | Got the Orb of Zot
 87245 | Zot:5    | Noticed a Killer Klown
 87247 | Zot:5    | Noticed a dread lich
 87281 | Zot:5    | Noticed a dread lich
 87286 | Zot:5    | Killed a dread lich
 87403 | Depths:4 | Reached XP level 27. HP: 178/183 MP: 23/45
 87786 | D:$      | Escaped with the Orb!

Illustrated notes ##>.#.# #.........# ##.#.# #.........# #..#.## #.........# ##....###.........# #........>.....).# #....##..........# ##...............# +.....#.#.##..#### #.......#@...## .......##...### ............## #.#.........# ..........# ..........# #....g....# ....[.....# ....?.....# Turn 95 on D:1: ah, whatever #...# ....# ###.|.#### ........ ##.....# ..###......# #.....#.(..# #.@.@######## #...#...÷<...# ..... #........# .##. #........# # #........# #....##### ###<..# #.#.# #.#... Turn 708 on D:2: hi .. ###### ... #8.@.## ....##...8# ....##...### ......#.##8## ........#...# ........⌠...._# .......#..#...#.... .......##.##8##.... ......#8...###..... Turn 7967 on D:8: finally

.........#......#
.........#......#
..######.#......#
..# #.#....### ..#
#.#>...# ..#
#.#....#
..######.#....#
.........#...#####
......####..##..@#
......#.....#.###W#
#####.#.....'.# .#
♣..W#.......#.# .#
(...#.......##.. ##
..(.+.......# ###
....+.......#
.$..+.......#
...(#.......#


Turn 9861 on D:10: why ######...###### #≈≈≈≈≈...≈≈≈≈≈# #≈###≈...≈###≈#
#≈##≈≈...≈≈##≈# #≈#≈≈.....≈≈#≈# #≈≈≈...^$..≈≈≈# ............... .......@.......
............... #≈≈≈.......≈≈≈# #≈#≈≈.....≈≈#≈# #≈##≈≈...≈≈##≈# #≈###≈...≈###≈#
#≈≈≈≈≈...≈≈≈≈≈# ######...###### Turn 85889 on Zot:5: hm

Levels and vault maps discovered:
D:1:      dpeg_arrival_long_road, layout_rooms
D:2:      layout_rooms, basic_altar, minmay_close_crescents, uniq_sigmund
D:3:      layout_basic, amcnicky_altar_gilded, gammafunk_ghost_necromancy,
          minmay_starry_boxes, uniq_natasha, uniq_ijyb
D:4:      layout_basic, ebering_ghost_rock_garden, uniq_crazy_yiuf_cottage,
          uniq_pikel, uniq_edmund
D:5:      layout_cave_pods, temple_hall, chequers_serial_rivers_marsh
D:6:      layout_rooms, nrook_pool_corridor, minmay_holes,
          lightli_church_of_beogh, uniq_grinder
D:7:      nzn_winding_woodlands_stair_cross
          [nzn_winding_woodlands_5x15_sawtooth,
          nzn_winding_woodlands_center_garden,
          nzn_winding_woodlands_5x15_crooked, nzn_winding_woodlands_5x5_default,
          nzn_winding_woodlands_5x5_cross, nzn_winding_woodlands_5x15_jagged,
          nzn_winding_woodlands_center_pierced_h,
          nzn_winding_woodlands_5x15_zeroes], layout_loops_corners,
          nicolae_qazlal_general_emergency, zin_purify, minmay_manual_mares
D:8:      layout_cave_pools, grunt_temple_overflow_magic_moments
D:9:      layout_loops_ring, lemuel_doored_altar
D:10:     layout_irregular_city, lemuel_round_altar, general_overflow_altar,
          amethyst_overflow_temple_binary, nicolae_wu_jian_wuxing_cycle,
          dpeg_oklobed_lair, ebering_ghost_rock_garden, serial_shops, shop,
          kennysheep_just_a_vault
D:11:     minmay_blocky_corners, layout_cave_pools, david_orc_2,
          hellmonk_ghost_big_iron, serial_shops,
          nicolae_shop_bloodbath_and_beyond
D:12:     layout_roguey
D:13:     layout_loops_corners, ximxim_vaults_locker_room, serial_ice,
          serial_ice_n, serial_ice_b, serial_ice_i, serial_ice_h, serial_ice_d,
          serial_ice_c, serial_ice_a, special_room [special_room_orc],
          nicolae_stop_n_shop_2, st_stairs_13
D:14:     layout_stronghold, nicolae_nh_vlads_tower
D:15:     gammafunk_depths_entry_grave, layout_long_grid
Temple:   nicolae_temple_two_arcs
Lair:1:   layout_roguey, gauntlet_entry_generic, worms_lemuel,
          serial_bayou_shore_a
Lair:2:   layout_roguey, minmay_snake_entry_guardpost_small,
          infiniplex_staircase_pool, grunt_megastairs_3, serial_bayou_shore_b,
          uniq_nergalle, uniq_sonja
Lair:3:   layout_chaotic_city, minmay_swamp_entry_worms, gammafunk_ghost_arena,
          uniq_amaemon
Lair:4:   layout_cave_pods, grunt_megastairs_1, lemuel_fruit_fields,
          lemuel_fruit_fields
Lair:5:   grunt_lair_end_beastmaster, layout_gridlike, slime_entry_2,
          dreamdust_gnoll_shepherd
Swamp:1:  layout_basic_swamp, gammafunk_ghost_arena, serial_swamp_ruin,
          evilmike_swamp_ruin_rubble_2, evilmike_swamp_ruin_house_2, swamp_pool4
Swamp:2:  nicolae_swamp_secret_spriggan_hideout, layout_falls_marsh,
          infiniplex_staircase_pool_2, swamp_pool3
Swamp:3:  layout_falls_marsh, evilmike_swamp_ruin_rubble_1, swamp_pool1
Swamp:4:  swamp_vile, layout_basic_swamp, ebering_ghost_xom,
          nicolae_swamp_dense_foliage
Snake:1:  layout_basic, serial_shops, nicolae_shop_stone,
          nicolae_snake_gridmaze_waves, grunt_ministairs_4, st_stairs_12,
          serial_bayou_lake_a
Snake:2:  cheibrodos_snake_lava_hold, layout_onion_interference, serial_shops,
          nicolae_square_shop, nicolae_shop_statue_plus, nicolae_shop_trees,
          nicolae_take_the_stairs, shop, nicolae_stop_n_shop_2
Snake:3:  layout_misc_corridors, nicolae_snake_springs, uniq_donald
Snake:4:  grunt_snake_rune_serpentine_throne, layout_onion_interference,
          st_stairs_7, serial_nicolae_subway, nicolae_sub_station_stone,
          nicolae_sub_station_metal, nicolae_sub_station_crystal,
          minmay_shop_grove, uniq_saint_roka
Orc:1:    layout_diamond_mine, david_defended_altar_orc
Orc:2:    st_orc_town, layout_diamond_mine, portal_ice_cave_entry_imps,
          mines2_lemuel
Elf:1:    minmay_elf_arrival_summoners, layout_gridlike, minivault_28,
          grunt_megastairs_4
Elf:2:    nicolae_elf_blades_crystal_corner, layout_gridlike
Elf:3:    minmay_elf_hall_statues, layout_onion_city, serial_shops, shop,
          uniq_roxanne
Vaults:1: v_rooms_5, nicolae_vaults_closet_pinwheel_1,
          grunt_vaults_hallway_long, ontoclasm_vaults_ring_small,
          vaults_standard_mumra_lines, v_misc_26,
          nicolae_vaults_storage_closets_1, nicolae_vaults_house_2, v_misc_3,
          nicolae_vaults_tetromino_L_1, vaults_room_hallway,
          nicolae_vaults_trapezoid_1, layout_vaults_ring
Vaults:2: minmay_crypt_entry_nasty_monster, ontoclasm_vaults_fault,
          nicolae_vaults_quartermaster, ontoclasm_vaults_eye, v_misc_12,
          v_rooms_5, hangedman_vaults_variations, nicolae_vaults_theta,
          vaults_room_corners, grunt_vaults_funnel, grunt_vaults_hallway_short,
          vaults_dpeg_emergency_exit, vaults_room_pools, vaults_dpeg_ring,
          layout_vaults_chaotic_city, uniq_bai_suzhen, uniq_mennas, uniq_jory,
          uniq_asterion
Vaults:3: infiniplex_enter_wizlab_glasses,
          nicolae_vaults_windows_and_doors_thing, hangedman_vaults_trim,
          nicolae_vaults_trapezoid_lopsided_1, v_misc_23,
          hangedman_vaults_river_flow, v_rooms_3, nicolae_vaults_double_plus_1,
          nicolae_vaults_diamond_1, nicolae_vaults_tetromino_T_1,
          layout_vaults_omnigrid, serial_shops, nicolae_shop_waterfront
Vaults:4: nicolae_vaults_trapezoid_3, nicolae_vaults_trapezoid_lopsided_4,
          grunt_vaults_hallway_long, vaults_room_large_hall,
          nicolae_vaults_mitosis, nicolae_vaults_network_quinsquares
          [nicolae_vaults_network_quincunx_subvault,
          nicolae_vaults_network_quincunx_subvault,
          nicolae_vaults_network_quincunx_subvault,
          nicolae_vaults_network_quincunx_subvault], nicolae_vaults_tangram_1,
          nicolae_vaults_shipping_containers_1,
          vaults_mumra_minichess_inversion, v_pattern_2,
          nicolae_vaults_triangles, nicolae_vaults_house_1,
          ontoclasm_vaults_idyll, nicolae_vaults_storage_room_statues,
          layout_vaults_maze_snakey, serial_shops, shop, uniq_xtahua
Vaults:5
Crypt:1:  minmay_skeleton_keep, layout_misc_corridors
Crypt:2:  layout_misc_corridors, lemuel_elevator, uniq_vv
Crypt:3:  grunt_crypt_end_deaths_head
Depths:1: layout_gridlike, gammafunk_ghost_arena, pf_hell_entry_great_geh,
          hangedman_abyss_or_decor_stagger, minmay_curled_crystal,
          kennysheep_generic_room_9
Depths:2: minmay_shoctagon, layout_basic, enter_ziggurat_d, ashenzari_altar_1,
          pan_entry, pf_hell_entry_tar_spiral, serial_bayou_lagoon_b
Depths:3: minmay_ornate_pinched, layout_gridlike,
          chequers_serial_rivers_micro_c, abyss_entry_small_statue_room,
          grunt_mini_vestibule, minmay_staircase_bubble
Depths:4: evilmike_zot_entry_diamond, layout_gridlike, hangedman_decor_riveting,
          hell_entry, abyss_entry_crystal, uniq_josephina
Zot:1:    layout_gridlike
Zot:2:    layout_basic, grunt_megastairs_5, uniq_parghit
Zot:3:    gammafunk_the_bubble [the_bubble_gammafunk_roulette], layout_gridlike,
          ebering_ghost_gozag, lemuel_elevator
Zot:4:    layout_gridlike, hangedman_zot_decor_unnerving_road
Zot:5:    layout_misc_corridors, skrybe_zot_glass_3

Skill      XL: |  1  2  3  4  5  6  7  8  9 10 11 12 13 14 15 16 17 18 19 20 21 22 23 24 25 26 |
---------------+-------------------------------------------------------------------------------+-----
Fighting       | 4 5 6 7 9 10 11 12 13 14 15 17 18 19 20 21 | 21.5
Ranged Weapons | 2 4 5 6 7 8 9 10 | 10.0
Long Blades    | 4 7 |  7.6
Dodging        | 5 6 8 10 12 13 14 15 | 15.3
Necromancy     | 8 11 14 15 16 17 18 19 21 22 23 24 25 | 25.8
Spellcasting   | 4 6 8 9 10 11 12 13 14 16 17 | 17.2
Earth Magic    | 2 3 |  3.3
Evocations     | 3 |  3.5
Hexes          | 2 |  2.3
Summonings     | 3 10 13 15 16 17 | 17.2
Short Blades   | 6 7 10 12 13 | 13.7
Armour         | 6 8 11 | 11.1
Translocations | 1 4 |  4.8
Shields        | 6 9 12 13 | 13.3

Action                     |  1- 3 |  4- 6 |  7- 9 | 10-12 | 13-15 | 16-18 | 19-21 | 22-24 | 25-27 || total
---------------------------+-------+-------+-------+-------+-------+-------+-------+-------+-------++-------
  Melee: Falchion          |    28 |       |       |       |       |       |       |       |       ||    28
         Kick              |    17 |     1 |       |       |    42 |   285 |   327 |   373 |   347 ||  1392
         Peck              |     6 |     1 |       |       |    22 |   173 |   198 |   249 |   238 ||   887
         Dagger            |    20 |     7 |       |       |       |       |       |       |       ||    27
         Staff             |       |       |       |       |   112 |       |    17 |     1 |       ||   130
         Quick blade       |       |       |       |       |       |   524 |   516 |   542 |   562 ||  2144
         Great sword       |       |       |       |       |       |     6 |       |       |       ||     6
         Katana            |       |       |       |       |       |       |       |    77 |       ||    77
   Fire: Sling             |       |    97 |   220 |   718 |   526 |     8 |       |       |       ||  1569
  Throw: Stone             |     3 |       |       |       |       |       |       |       |       ||     3
         Dart              |       |       |       |       |     2 |       |       |       |     8 ||    10
   Cast: Animate Dead      |       |       |       |     8 |    27 |    26 |    11 |     1 |    13 ||    86
         Dispel Undead     |       |       |       |     2 |    70 |    43 |    21 |   149 |    12 ||   297
         Anguish           |       |       |       |    12 |    29 |     3 |       |     2 |       ||    46
         Death Channel     |       |       |       |       |    66 |    52 |    38 |    19 |    17 ||   192
         Borgnjor's Vile C |       |       |       |       |   162 |   114 |    91 |   102 |    53 ||   522
         Haunt             |       |       |       |       |       |   105 |   161 |   128 |    67 ||   461
         Blink             |       |       |       |       |       |     1 |       |       |       ||     1
         Summon Forest     |       |       |       |       |       |     9 |    32 |    25 |     3 ||    69
         Infestation       |       |       |       |       |       |       |    81 |   115 |    23 ||   219
         Summon Mana Viper |       |       |       |       |       |       |       |     2 |       ||     2
         Agony             |       |       |       |       |       |       |       |     9 |       ||     9
         Animate Armour    |       |       |       |       |       |       |       |     1 |       ||     1
 Invoke: Unearth Wretches  |       |       |       |     5 |     4 |     4 |     2 |     5 |    11 ||    31
         Receive Forbidden |       |       |       |       |     1 |       |       |       |       ||     1
  Evoke: Wand              |       |       |     1 |    30 |    25 |    10 |     4 |       |     8 ||    78
         Box of beasts     |       |       |       |     1 |     2 |     1 |     1 |     2 |     1 ||     8
         Phantom mirror    |       |       |       |       |       |       |     1 |       |     1 ||     2
         Phial of floods   |       |       |       |       |       |       |     1 |       |       ||     1
    Use: Potion            |     1 |       |       |     2 |       |     2 |     2 |     5 |    22 ||    34
         Scroll            |       |     4 |     2 |    20 |     8 |    15 |     7 |     7 |    16 ||    79
   Stab: Distracted        |       |       |       |       |     2 |     8 |     7 |    17 |     9 ||    43
         Sleeping          |       |       |       |       |       |     2 |       |       |       ||     2
         Invisible         |       |       |       |       |       |       |       |       |    12 ||    12
         Paralysed         |       |       |       |       |       |       |       |       |     1 ||     1
 Armour: Robe              |     3 |       |       |    13 |    96 |    44 |    44 |       |       ||   200
         Ring mail         |     5 |     1 |       |       |       |       |       |       |       ||     6
         Skin              |       |     8 |       |       |       |       |       |       |       ||     8
         Leather armour    |       |     1 |    23 |     6 |       |       |     5 |    35 |       ||    70
         Steam dragon scal |       |       |       |    25 |       |       |       |       |       ||    25
         Swamp dragon scal |       |       |       |       |       |    23 |       |       |       ||    23
         Fire dragon scale |       |       |       |       |       |       |       |    11 |    32 ||    43
         Scale mail        |       |       |       |       |       |       |       |     5 |    11 ||    16
  Dodge: Dodged            |    17 |    24 |    57 |   292 |   377 |   410 |   371 |   288 |   107 ||  1943
  Block: Buckler           |       |       |       |    14 |    64 |    57 |       |       |       ||   135
         Orb               |       |       |       |       |    52 |    48 |    64 |     2 |       ||   166
         Reflection        |       |       |       |       |    12 |    12 |     2 |     5 |     2 ||    33
         Kite shield       |       |       |       |       |       |       |       |   235 |   171 ||   406

Table legend: (Time is in decaauts)
 A = Elapsed time spent in this place.
 B = Non-inter-level travel time spent in this place.
 C = Inter-level travel time spent in this place.
 D = Time resting spent in this place.
 E = Time spent auto-exploring this place.
 F = Levels seen in this place.
 G = Mean time per level.
                   A        B        C        D        E       F      G
               +--------+--------+--------+--------+--------+-----+--------+
         Total |  83305 |  73190 |  10115 |  15348 |  35843 |  53 | 1571.8 |
       Dungeon |  22683 |  18986 |   3697 |   2888 |  10253 |  15 | 1512.2 |
        Temple |     90 |     87 |      3 |      0 |     70 |   1 |   90.0 |
          Lair |   8139 |   6818 |   1321 |    529 |   4148 |   5 | 1627.8 |
         Swamp |   5291 |   4960 |    331 |   1074 |   2643 |   4 | 1322.8 |
     Snake Pit |   5788 |   5395 |    393 |   1444 |   2238 |   4 | 1447.0 |
  Orcish Mines |   3136 |   2202 |    934 |    210 |   1299 |   2 | 1568.0 |
   Elven Halls |   6066 |   5608 |    458 |   2037 |   1738 |   3 | 2022.0 |
        Vaults |  15821 |  13975 |   1846 |   3379 |   6961 |   5 | 3164.2 |
         Crypt |   3778 |   3545 |    233 |    768 |   1549 |   3 | 1259.3 |
        Depths |   8875 |   7980 |    895 |   1738 |   4323 |   4 | 2218.8 |
           Zot |   1789 |   1789 |      0 |    866 |    247 |   5 |  357.8 |
      Ice Cave |   1112 |   1112 |      0 |    411 |    343 |   1 | 1112.0 |
      Gauntlet |    732 |    732 |      0 |      0 |     27 |   1 |  732.0 |
               +--------+--------+--------+--------+--------+-----+--------+

Top non-repeatable levels by time:
Vaults:2: 3638 daAuts
Vaults:3: 3475 daAuts
   Elf:3: 3427 daAuts
Vaults:1: 3286 daAuts
    D:13: 3157 daAuts
Depths:3: 3062 daAuts
    D:14: 2962 daAuts
Vaults:5: 2720 daAuts
Vaults:4: 2701 daAuts
    D:15: 2317 daAuts
  Lair:3: 2161 daAuts
   Orc:2: 2072 daAuts
     D:7: 2068 daAuts
    D:10: 2033 daAuts
Depths:2: 2028 daAuts
